Map: Daybreak LE

Players

Zanarcane - Winner!

  • Race: Terran Terran
  • League: Silver
  • Spawn Location: 1:00

A.I. 1 (Very Easy)

  • Race: Terran Terran
  • Spawn Location: 7:00

VOD

Have the link to the VOD?

Description

Time

  • Played on: March 31, 2019, 6:49 p.m.
  • Length: 9:25
Show
View Real Time Build Order
Export as new Build Order

Zanarcane Terran - Winner!

Build Orders:  

Get SALT Encoding   

  12  0:00  SCV  
  13  0:13  SCV  
  14  0:18  Supply Depot  
  14  0:25  SCV  
  15  0:39  SCV  
  15  0:41  Barracks  
  16  0:45  Refinery  
  16  0:51  SCV  
  17  1:04  SCV  
  18  1:16  SCV  
  19  1:28  Orbital Command  
  19  1:30  Reaper  
  20  1:34  Barracks  
  20  1:42  Supply Depot  
  20  1:55  SCV  
  21  2:01  Marine  
  21  2:07  SCV  
  23  2:19  Marine, SCV  
  23  2:21  Barracks Reactor  
  25  2:24  Factory  
  25  2:31  SCV  
  26  2:37  Marine  
  26  2:40  Command Center  
  26  2:43  SCV  
  28  2:48  Refinery  
  28  2:53  Supply Depot  
  28  2:55  SCV  
  29  3:00  Marine  
  29  3:02  Marine  
  29  3:03  Barracks Tech Lab  
  31  3:14  SCV  
  31  3:15  Factory Tech Lab  
  32  3:20  Supply Depot, Marine  
  32  3:22  Marine  
  32  3:25  Marine  
  32  3:26  SCV  
  36  3:36  Siege Tank  
  36  3:41  Marine, SCV  
  39  3:47  Starport  
  39  3:48  Marine  
  42  3:50  Marine  
  42  3:53  SCV  
  44  4:00  Orbital Command  
  44  4:05  Refinery  
  44  4:10  SCV  
  44  4:14  Marine x3  
  48  4:21  Siege Tank  
  51  4:25  Starport Reactor  
  51  4:30  SCV  
  51  4:31  SCV  
  53  4:37  Supply Depot  
  53  4:39  Supply Depot  
  53  4:42  Marine  
  53  4:43  SCV  
  53  4:44  Marine  
  56  4:46  Marine  
  56  4:48  SCV  
  58  4:56  Siege Tank  
  61  5:02  Marine  
  61  5:03  Marine  
  61  5:05  Medivac  
  61  5:06  Medivac  
  67  5:07  Marine  
  67  5:10  SCV  
  67  5:12  SCV  
  70  5:21  Supply Depot  
  70  5:23  Supply Depot  
  70  5:24  SCV  
  71  5:29  Marine x2, SCV  
  71  5:30  Marine  
  71  5:32  Siege Tank  
  78  5:42  SCV  
  79  5:47  Supply Depot  
  79  5:49  SCV  
  80  5:50  Supply Depot  
  80  5:51  Stimpack  
  80  5:56  Liberator  
  80  5:57  Engineering Bay  
  80  5:59  Engineering Bay, SCV  
  80  6:02  Marine x2  
  80  6:03  Marine  
  84  6:04  Viking  
  88  6:14  SCV  
  88  6:15  SCV  
  91  6:22  Siege Tank  
  91  6:23  Marine x3  
  97  6:36  SCV x2  
  97  6:37  Refinery  
  99  6:40  Terran Infantry Weapons Level 1  
  99  6:44  Terran Infantry Armor Level 1  
  99  6:47  Marine x3  
  99  6:48  SCV x2  
  99  6:53  Viking  
  106  7:06  Marine x2, SCV x2  
  110  7:15  Supply Depot  
  110  7:17  Supply Depot  
  110  7:36  Siege Tank, Marine, SCV x2  
  115  7:48  SCV x2  
  115  7:49  Marine x2  
  119  7:58  Armory  
  118  8:02  Armory  
  118  8:03  Supply Depot  
  118  8:04  Supply Depot  
  118  8:12  SCV x2  
  120  8:17  Marine x2  
  120  8:18  Marine  
  120  8:19  Barracks, Siege Tank  
  126  8:21  Barracks  
  126  8:25  Medivac, Viking, SCV  
  126  8:26  Command Center  
  131  8:33  SCV  
  132  8:37  Marine x2, SCV  
  132  8:38  Marauder  
  137  8:59  SCV x2  
  137  9:00  Marine x2  
Show
View Real Time Build Order
Export as new Build Order

A.I. 1 (Very Easy) Terran 

Build Orders:  

Get SALT Encoding   

  12  0:00  SCV  
  13  0:13  SCV  
  14  0:20  Supply Depot  
  14  0:37  Refinery  
  14  0:46  Barracks  
  14  1:04  Supply Depot  
  14  1:11  Refinery  
  14  1:33  Orbital Command, Marine  
  15  1:51  Barracks Tech Lab  
  15  1:59  SCV  
  16  2:11  SCV  
  16  2:15  Marine  
  18  2:23  SCV  
  19  2:35  SCV  
  20  2:47  SCV  
  21  2:57  Marauder  
  23  2:59  SCV  
  24  6:24  SCV  
  25  6:25  Marine  
  25  6:26  Supply Depot  
  25  6:28  Factory  
  26  6:34  Command Center  
  26  6:36  SCV  
  27  6:49  SCV  
  27  6:50  Supply Depot  
  28  7:00  Marine  
  28  7:01  SCV  
  26  7:13  SCV  
  26  7:14  Starport  
  27  7:34  Marine  
  28  7:47  SCV  
  29  7:54  SCV  
  29  7:55  Starport Tech Lab, Refinery  
  30  7:59  Refinery  
  30  8:02  SCV  
  30  8:03  Hellion  
  31  8:13  Raven  
  31  8:16  SCV  
  31  8:19  Supply Depot  
  22  8:28  SCV  
  25  8:40  SCV  
  24  8:52  SCV  
  13  9:08  Supply Depot  
Tags
 
League
Silver
Matchup
TvT
Race
Terran
Spawn Locations
Cross Positions
Add a new tag
Caveats
  • Supply blocks, unpowered buildings, or Contaminate may cause inaccurate times.
  • Supply counts are checked every 10 seconds.